 Dungeon Sprint DCSS version 0.27-a0-394-g49c82dfaf2 (webtiles) character file.

Game seed: 7813017127384085847

35 mhtbhm the Skirmisher (level 3, 0/26 HPs)
             Began as a Kobold Berserker on Feb 20, 2021.
             Was a Priest of Trog.
             Slain by an adder (1 damage)
             ... in the Dungeon (Sprint IX: "|||||||||||||||||||||||||||||").
             The game lasted 00:00:13 (65 turns).

mhtbhm the Skirmisher (Kobold Berserker)              Turns: 65, Time: 00:00:13

Health: 0/26       AC:  2    Str: 15    XL:     3   Next: 52%
Magic:  3/3        EV: 15    Int:  8    God:    Trog [***...]
Gold:   0          SH:  0    Dex: 14    Spells: 2/2 levels left

rFire    . . .     SeeInvis .   a - +0 mace
rCold    . . .     Faith    .   (shield restricted)
rNeg     . . .     Spirit   .   b - +0 animal skin
rPois    .         Reflect  .   (no helmet)
rElec    .         Harm     .   (no cloak)
rCorr    .         Rampage  .   (no gloves)
Will     .....     NoTele   +   (no boots)
Stlth    ++........             (no amulet)
HPRegen  0.08/turn              (no ring)
MPRegen  0.08/turn              (no ring)

@: berserk cooldown, slowed, very slow
A: small, nightstalker 3
a: Renounce Religion, Berserk, Trog's Hand


You were in the Dungeon.
You worshipped Trog.
Trog was most pleased with you.
You visited 1 branch

Inventory:

Hand Weapons
 a - a +0 mace (weapon)
Armour
 b - a +0 animal skin (worn)
Scrolls
 h - a scroll of blinking
Potions
 c - a potion of curing
 d - a potion of heal wounds
 e - a potion of haste
 f - 2 potions of magic
 g - a potion of berserk rage


   Skills:
 + Level 5.2 Fighting
 + Level 4.7 Maces & Flails
 + Level 2.2 Armour
 + Level 3.3 Dodging


You had 2 spell levels left.
You didn't know any spells.
Your spell library was empty.

Dungeon Overview and Level Annotations

Branches:
Dungeon (1/1)

Altars:


Innate Abilities, Weirdness & Mutations

You are small and have problems with some larger weapons.
You are completely attuned to the shadows.


Message History

Unknown command.
You closely miss the iguana.
Unknown command.
You closely miss the iguana. The iguana completely misses you.
A quokka skeleton comes into view.
Unknown command.
You barely miss the iguana. The iguana bites you!
You sock the iguana!
The iguana is almost dead.
The iguana barely misses you.
You closely miss the iguana.
The iguana is almost dead.
The iguana misses you.
Unknown command.
You closely miss the iguana.
The iguana is almost dead.
The iguana bites you!
Ouch! That really hurt!
* * * LOW HITPOINT WARNING * * *
Unknown command.
You hit the iguana.
The iguana is almost dead.
Unknown command.
You hit the iguana.
You kill the iguana!
Trog accepts your kill.
Your Fighting skill increases to level 5!
Your Maces & Flails skill increases to level 4!
Your Armour skill increases to level 2!
Your Dodging skill increases to level 3!
You have reached level 3!
Your experience leads to an increase in your attributes!
Increase (S)trength, (I)ntelligence, or (D)exterity?
You feel stronger.
Unknown command.
You closely miss the adder.
You are no longer berserk.
You are exhausted.
You feel yourself slow down. The adder barely misses you. The adder bites you.
You die...

▓.▓
▓.▓
▓.▓
▓'▓
▓)▓
▓.▓
▓.▓
▓.▓
▓@▓
▓S▓
▓Z▓
▓Z▓
▓.▓


You could see an adder, an adder skeleton and a quokka skeleton.

Vanquished Creatures
  An iguana (D)
  2 leopard geckos (D)
  An orc (D)
  A ball python (D)
  A hobgoblin (D)
  A rat (D)
7 creatures vanquished.

Notes
Turn   | Place    | Note
-------+----------+-------------------------------------------
     0 | D        | mhtbhm the Kobold Berserker began the quest for the Orb.
     0 | D        | Reached XP level 1. HP: 14/14 MP: 1/1
    12 | D        | Reached ** piety under Trog
    16 | D        | Reached skill level 4 in Fighting
    16 | D        | Reached XP level 2. HP: 20/20 MP: 2/2
    64 | D        | Reached *** piety under Trog
    65 | D        | Reached skill level 5 in Fighting
    65 | D        | Reached XP level 3. HP: 2/26 MP: 3/3
    65 | D        | Slain by an adder

Illustrated notes

Levels and vault maps discovered:
D:        linesprint [early_d, line_temple, items_1, d_10, items_2, lair_1,
          lair_end, items_3, orc_1, orc_end, items_4, d_15, swamp_1, shoals_1,
          snake_1, spider_1, d_20, vaults_1, items_5, swamp_end, shoals_end,
          snake_end, spider_end, vaults_end, d_27, items_6, zot_1, zot_end,
          crypt_end, forest_end, elf_end, slime_end, tomb_end, abyss_end,
          pan_hell_end]

Skill      XL: |  1  2 |
---------------+-------+-----
Maces & Flails | 3 4 |  4.7
Fighting       | 4 5 |  5.2
Armour         | 2 |  2.2
Dodging        | 3 |  3.3

Action                   || total
-------------------------++-------
Melee: Mace              ||    27
Invok: Berserk           ||     2
Armor: Animal skin       ||     2
Dodge: Dodged            ||    13

Table legend: (Time is in decaauts)
 A = Elapsed time spent in this place.
 B = Non-inter-level travel time spent in this place.
 C = Inter-level travel time spent in this place.
 D = Time resting spent in this place.
 E = Time spent auto-exploring this place.
 F = Levels seen in this place.
 G = Mean time per level.
                   A        B        C        D        E       F      G
               +--------+--------+--------+--------+--------+-----+--------+
         Total |     66 |     66 |      0 |     29 |      0 |   1 |   66.0 |
       Dungeon |     66 |     66 |      0 |     29 |      0 |   1 |   66.0 |
               +--------+--------+--------+--------+--------+-----+--------+

Top non-repeatable levels by time:
       D: 66 daAuts
